Map: Pillars of Gold LE

Players

Denver

  • Race: Zerg Zerg
  • League: Master
  • Spawn Location: 7:00

LiquidClem (Clem) - Winner!

  • Race: Terran Terran
  • League: Grandmaster
  • Spawn Location: 1:00

Event: DreamHack SC2 Masters 2020 Winter

VOD

Have the link to the VOD?

Description

Time

  • Played on: Nov. 3, 2020, 10:47 a.m.
  • Length: 5:33

All games in this series

Show
View Real Time Build Order
Export as new Build Order

Denver Zerg 

Build Orders: 3 Hatch before Pool 

Get SALT Encoding   

  12  0:00  Drone  
  13  0:14  Overlord  
  13  0:17  Drone  
  14  0:32  Drone x2  
  16  0:51  Hatchery  
  16  0:56  Drone  
  16  0:59  Drone  
  17  1:21  Hatchery  
  17  1:24  Drone  
  17  1:38  Spawning Pool  
  16  1:41  Drone  
  16  1:45  Drone  
  18  1:48  Drone  
  18  1:54  Drone  
  20  1:59  Extractor  
  19  2:06  Drone x2  
  21  2:15  Overlord  
  21  2:16  Drone  
  22  2:25  Zergling x2  
  22  2:26  Queen  
  25  2:30  Zergling x2  
  25  2:34  Queen  
  28  2:41  Spore Crawler  
  26  2:45  Drone  
  26  2:47  Drone  
  28  2:52  Drone  
  30  2:59  Drone x3  
  34  3:05  Zergling x4  
  36  3:17  Queen  
  36  3:19  Drone  
  38  3:20  Drone  
  38  3:25  Drone x2  
  38  3:28  Metabolic Boost  
  38  3:32  Overlord  
  37  3:36  Drone  
  38  3:42  Overlord  
  38  3:50  Hatchery  
  38  3:53  Drone  
  39  3:55  Drone x2  
  39  4:01  Drone x3  
  43  4:08  Queen  
  45  4:13  Spine Crawler  
  45  4:16  Overlord  
  44  4:27  Overlord  
  44  4:34  Queen  
  44  4:35  Zergling x8  
  50  4:41  Spine Crawler  
  50  4:43  Zergling x4  
  50  4:45  Queen  
  51  4:50  Zergling x2  
  51  4:51  Zergling x4  
  50  5:05  Zergling x6  
  49  5:14  Zergling x2  
  49  5:15  Zergling x2  
Show
View Real Time Build Order
Export as new Build Order

LiquidClem Terran - Winner!

Build Orders: Hellion Banshee 

Get SALT Encoding   

  12  0:00  SCV  
  13  0:12  SCV  
  14  0:17  Supply Depot  
  14  0:24  SCV  
  15  0:32  Refinery  
  15  0:39  SCV  
  16  0:45  Barracks  
  16  0:51  SCV  
  17  1:03  SCV  
  18  1:15  SCV  
  19  1:33  Orbital Command, Reaper  
  19  1:35  Bunker  
  20  1:43  Supply Depot  
  20  1:54  Factory  
  20  1:58  SCV  
  21  2:05  Marine  
  22  2:10  SCV  
  23  2:23  Marine  
  23  2:25  Command Center  
  23  2:28  SCV  
  25  2:38  Hellion  
  25  2:41  Marine  
  29  2:46  SCV, Supply Depot  
  29  2:55  Starport  
  29  2:58  SCV  
  30  3:00  Marine  
  31  3:08  Hellion  
  31  3:10  Refinery  
  33  3:13  SCV  
  34  3:22  Marine  
  34  3:25  SCV  
  36  3:30  Hellion  
  38  3:37  Medivac, SCV  
  38  3:38  Armory  
  42  3:49  Barracks Tech Lab, SCV  
  42  3:52  Hellion  
  44  4:01  SCV  
  45  4:06  Supply Depot  
  45  4:13  SCV, Hellion  
  49  4:19  Banshee  
  49  4:22  Barracks Tech Lab  
  51  4:25  SCV  
  51  4:31  Supply Depot  
  52  4:34  Orbital Command  
  52  4:38  SCV  
  53  4:40  Factory Tech Lab  
  53  4:43  Marine, Hellion  
  56  4:50  SCV  
  57  4:54  Supply Depot  
  57  5:01  Marine  
  57  5:02  SCV  
  60  5:08  SCV  
  60  5:10  Supply Depot, Factory Tech Lab  
  62  5:14  SCV  
  63  5:28  Barracks x2  
Tags
 
Add a new tag
Caveats
  • Supply blocks, unpowered buildings, or Contaminate may cause inaccurate times.
  • Supply counts are checked every 10 seconds.